 Dungeon Crawl Stone Soup version 0.14-a0-2506-gc7bb754 (webtiles) character file.

114624 Jenx the Bludgeoner (level 16, -1/110 HPs)
             Began as a Gargoyle Fighter on Feb 5, 2014.
             Was a High Priest of Okawaru.
             Killed from afar by a starcursed mass (5 damage)
             ... with an accursed screaming
             ... on Level 1 of the Abyss on Feb 9, 2014.
             The game lasted 02:05:29 (36089 turns).

Jenx the Bludgeoner (Gargoyle Fighter)             Turns: 36089, Time: 02:05:29

HP  -1/110       AC 39     Str 29      XL: 16   Next: 64%
MP  19/26        EV  7     Int 13      God: Okawaru [*****.]
Gold 906         SH 23     Dex 21      Spells:  0 memorised, 15 levels left

rFire  . . .     SeeInvis .     S - +2,+5 demon whip (vamp)
rCold  . . .     Clarity  .     m - +6 chain mail "Psunkoyr" {Str+3 Dex+1 Int+2}
rNeg   + . .     Conserve +     c - +0 shield
rPois  +         rCorr    +     s - +2 helmet of Geoteosi {Dex+5 Acc+3}
rElec  +         rRot     +     O - +0 cloak {rCorr, Cons}
SustAb . .       Spirit   .     M - +0 pair of gloves {Str+3}
rMut   .         Warding  .     P - +0 pair of elf boots {Stlth+}
Saprov . . .     Stasis   .     g - amulet of faith
MR     +....                    r - ring of invisibility
                                L - ring of Oxozil {+Blink Dex+2}

@: about to teleport, flying, somewhat resistant to hostile enchantments,
extremely unstealthy
A: large and strong wings, clever 1, life protection 1, electricity resistance,
unbreathing, petrification resistance, AC +11
a: Stop Flying, Heroism, Finesse, Renounce Religion, Evoke Blink, Evoke
Invisibility


You were on level 1 of the Abyss.
You worshipped Okawaru.
Okawaru was extremely pleased with you.
You were not hungry.

You visited 4 branches of the dungeon, and saw 29 of its levels.
You visited the Abyss 1 time.
You visited 1 bazaar.
You also visited: Ossuary.

You collected 2942 gold pieces.
You spent 2036 gold pieces at shops.

Inventory:

Hand weapons
 a - a +5,+4 great mace of protection
 b - a +0 blowgun
 S - a +2,+5 vampiric demon whip (weapon)
Missiles
 J - 7 javelins (quivered)
 T - 13 curare-tipped needles
Armour
 c - a +0 shield (worn)
 l - a +2 pair of dwarven gloves of strength
 m - the +6 chain mail "Psunkoyr" (worn) {Str+3 Dex+1 Int+2}
   (Okawaru gifted it to you on level 8 of the Lair of Beasts)

   It affects your strength (+3).
   It affects your intelligence (+2).
   It affects your dexterity (+1).
 s - the +2 helmet of Geoteosi (worn) {Dex+5 Acc+3}
   (You acquired it on level 11 of the Dungeon)

   It affects your dexterity (+5).
   It affects your accuracy with ranged weapons and melee attacks (+3).
 M - a +0 pair of gloves of strength (worn)
 O - a +0 cloak of preservation (worn)
 P - a +0 pair of elven boots of stealth (worn)
Magical devices
 v - a wand of invisibility (4)
 y - a wand of teleportation (7)
 F - a wand of flame (12)
 K - a wand of teleportation (9)
 U - a wand of flame (16)
 W - a wand of lightning (3)
Comestibles
 d - 3 bread rations
 G - 7 meat rations
 I - a honeycomb
Scrolls
 h - 2 scrolls of enchant weapon I
 i - 8 scrolls of remove curse
 o - 3 scrolls of magic mapping
 t - 5 scrolls of blinking
 u - 10 scrolls of teleportation
 z - 2 scrolls of fear
 B - 2 scrolls of fog
 E - 5 scrolls of identify
 X - a scroll of enchant weapon II
Jewellery
 e - an uncursed amulet of resist corrosion
 g - an amulet of faith (around neck)
 r - a ring of invisibility (right hand)
 A - an uncursed ring of protection from cold
 L - the ring of Oxozil (left hand) {+Blink Dex+2}
   (You took it off a wight on level 10 of the Dungeon)

   [ring of dexterity]

   It affects your dexterity (+2).
   It lets you blink.
 Q - a +1 ring of protection
Potions
 j - 2 potions of speed
 k - 7 potions of curing
 p - 2 potions of brilliance
 x - 3 potions of agility
 C - 3 potions of berserk rage
 D - 2 potions of resistance
 N - 3 potions of might
 Z - a potion of restore abilities
Miscellaneous
 f - a disc of storms
 q - a fan of gales
 H - a box of beasts
 Y - a disc of storms


   Skills:
 * Level 16.3 Fighting
 - Level 18.5 Maces & Flails
 - Level 2.0 Throwing
 - Level 15.6 Armour
 + Level 4.7 Shields
 - Level 7.1 Invocations
 - Level 6.6 Evocations


You had 15 spell levels left.
You didn't know any spells.

Dungeon Overview and Level Annotations

Branches:
Dungeon (16/16)            Temple (1/1) D:5             Orc (4/4) D:12
    Elf (0/3) Orc:3          Lair (8/8) D:9           Swamp (0/5) Lair:4
 Spider (0/5) Lair:6        Slime (0/6) Lair:7
 Vaults: D:14-15     Depths: D:16

Altars:
Ashenzari
Cheibriados
Dithmengos
Elyvilon
Fedhas
Kikubaaqudgha
Makhleb
Nemelex Xobeh
Okawaru
Sif Muna
Trog
Vehumet
Xom
Yredelemnul
Zin
The Shining One

Shops:
D:11 :   D:12 ?   Orc:4 [!=([*

Annotations:
D:8 1 exclusion


Innate Abilities, Weirdness & Mutations

You are resistant to torment.
You are immune to poison.
You can fly continuously.
Your stone body is very resilient (AC +11).
Your wings are large and strong.
You resist negative energy.
You are resistant to electric shocks.
You can survive without breathing.
You are immune to petrification.
Your mind is acute. (Int +2)


Message History

Space bends around you.
* * * LOW HITPOINT WARNING * * *
The starcursed mass misses you.
You whack the spatial maelstrom!
The spatial maelstrom is almost destroyed.
The spatial maelstrom hits you but does no damage.
You block the spatial maelstrom's attack.
The starcursed mass shrieks in your mind.
* * * LOW HITPOINT WARNING * * *
You hit the spatial maelstrom.
The spatial maelstrom is almost destroyed.
The spatial maelstrom hits you but does no damage.
The spatial maelstrom hits you.
* * * LOW HITPOINT WARNING * * *
You feel strangely unstable.
You feel the power of the Abyss delaying your translocation.
You thrash the spatial maelstrom!!
You destroy the spatial maelstrom!
The starcursed mass shrieks in your mind.
You die...

# . . # ..# .
# # #.# . .
#.)# # . #...
#)# # ..##.
#.##
...#.#####.##
. .ยง.....X..#
.
..#...#...@.#.
# #
#.....#...#
...#.......#
####
#.##..v#.# #
...###.#.##
.#.# .#.v.# .
.#...# # #
###.. . #


You could see a starcursed mass and 2 spatial vortices.

Vanquished Creatures
  Asterion (D:15)
  A quicksilver dragon (Abyss:1)
  Rupert (Lair:4)
  An orc warlord (Orc:4)
  Maud (D:15)
  Gastronok (Orc:4)
  A balrug (Abyss:1)
  A lorocyproca (Abyss:1)
  A merfolk impaler (Abyss:1)
  The ghost of Econoterrorist the Unseen, a powerful SpEn of Dithmengos (Lair:8)
  6 hydras
  A fire dragon (D:16)
  Harold (Lair:4)
  Josephine (D:12)
  Nessos (D:14)
  Erica (Lair:7)
  26 death yaks
  A hell hog (Abyss:1)
  3 orc high priests (Orc:4)
  3 catoblepae (Lair:8)
  Nergalle (D:14)
  5 skeletal warriors (D:16)
  2 centaur warriors
  A sea snake (Abyss:1)
  A spatial maelstrom (Abyss:1)
  2 starcursed masses (Abyss:1)
  A giant amoeba (D:12)
  A giant orange brain (Abyss:1)
  2 unseen horrors
  A necromancer (D:10)
  Erolcha (D:12)
  A swamp dragon (Lair:4)
  5 large abominations (Abyss:1)
  Pikel (D:5)
  A wizard (D:14)
  2 hill giants
  4 griffons
  Joseph (Orc:3)
  5 orc knights
  6 orc sorcerers
  A cyclops (D:16)
  12 elephants
  A sixfirhy (Abyss:1)
  A wolf spider (Lair:6)
  3 black mambas
  14 spiny frogs
  The ghost of Herrn the Skirmisher, an experienced DjFi of Okawaru (D:5)
  Psyche (D:12)
  A feature mimic (Lair:6)
  A demonic crawler (Abyss:1)
  2 merfolk (Abyss:1)
  A centaur zombie (D:10)
  A fire drake (Lair:7)
  Grinder (D:3)
  9 komodo dragons
  10 trolls
  Sonja (Orc:4)
  2 ancient zymes (Abyss:1)
  A jumping spider (Lair:6)
  A polar bear (shapeshifter) (D:15)
  A centaur skeleton (D:12)
  2 snapping turtles (Abyss:1)
  A slime creature (D:14)
  A grizzly bear (Lair:3)
  2 two-headed ogres
  A baby alligator (shapeshifter) (D:16)
  19 ugly things
  A trapdoor spider (D:13)
  2 wraiths
  44 yaks
  A chaos spawn (Abyss:1)
  12 blink frogs
  3 shadows
  A hill giant zombie (D:12)
  A human (D:14)
  A manticore (D:13)
  A wyvern (D:14)
  A yak (shapeshifter) (D:14)
  Grum (Orc:3)
  2 neqoxecs (Abyss:1)
  A hill giant skeleton (D:12)
  A steam dragon (D:11)
  A ynoxinul (Abyss:1)
  8 hippogriffs
  A hungry ghost (D:14)
  A mottled dragon (D:16)
  3 vampire mosquitoes (D:16)
  7 wolves
  A soldier ant (D:13)
  A necrophage (D:12)
  2 slaves (D:5)
  A black bear (shapeshifter) (D:14)
  11 porcupines
  A yellow wasp (D:6)
  2 black bears
  A blink frog zombie (D:15)
  2 sky beasts
  10 ogres
  2 small abominations (Abyss:1)
  3 ice beasts
  35 orc warriors
  A phantom (D:7)
  9 centaurs
  6 big kobolds
  16 crocodiles
  2 wargs (Orc:4)
  16 giant frogs
  Sigmund (D:3)
  7 giant slugs
  A boring beetle (D:16)
  A brain worm (D:15)
  6 water moccasins
  A gnoll sergeant (D:10)
  Blork the orc (D:7)
  10 agate snails
  3 cyclops skeletons
  16 jellies
  A jellyfish (D:8)
  10 killer bees
  3 yak zombies
  An eye of draining (D:9)
  A yak skeleton (D:8)
  A troll skeleton (D:12)
  12 wights
  6 goliath beetles
  An iron imp (Abyss:1)
  10 crimson imps
  A manticore simulacrum (D:12)
  19 orc priests
  A giant frog zombie (D:12)
  A two-headed ogre skeleton (D:7)
  A two-headed ogre zombie (D:8)
  A cyclops simulacrum (D:12)
  11 hounds
  A spider (Lair:6)
  A water moccasin skeleton (D:4)
  5 iguanas
  4 scorpions
  10 orange rats
  2 giant frog skeletons
  26 orc wizards
  9 worker ants
  A killer bee zombie (D:12)
  An ogre zombie (D:6)
  6 big kobold zombies
  Ijyb (D:5)
  24 sheep
  A hound zombie (D:6)
  A mottled dragon skeleton (D:16)
  3 mummies
  6 gnolls
  40 green rats
  4 giant mites
  20 adders
  3 giant centipedes
  4 hound simulacra (D:10)
  8 worms
  A goliath beetle zombie (D:5)
  An ufetubus (Abyss:1)
  4 grey rats (D:7)
  5 giant eyeballs
  5 giant geckos
  2 oozes
  174 orcs
  3 sheep simulacra (D:10)
  3 spectral bats (Ossuary)
  4 ball pythons
  23 bats
  3 bat simulacra (Ossuary)
  4 giant cockroaches
  7 gnoll zombies (Ossuary)
  17 goblins
  16 hobgoblins
  31 kobolds
  12 giant newts
  A giant spore (D:14)
  2 goblin simulacra (Ossuary)
  A goblin skeleton (D:5)
  A goblin zombie (Ossuary)
  3 hobgoblin zombies (Ossuary)
  27 jackals
  6 kobold simulacra (Ossuary)
  9 kobold zombies (Ossuary)
  2 orc skeletons
  6 orc zombies
  9 quokkas
  37 rats
  7 rat simulacra
  A rat skeleton (D:5)
  5 spectral goblins (Ossuary)
  4 spectral kobolds (Ossuary)
  A spectral rat (Ossuary)
  7 ballistomycetes
  A fungus (Lair:8)
  2 plants (Lair:8)
1162 creatures vanquished.

Vanquished Creatures (others)
  An orc priest (D:16)
  2 orc wizards (D:5)
  An orc (D:12)
  A chimera (Orc:4)
  A giant spore (D:13)
  A lurking horror (Abyss:1)
  21 fungi
  9 plants (Lair:8)
37 creatures vanquished.

Grand Total: 1199 creatures vanquished

Notes
Turn   | Place    | Note
--------------------------------------------------------------
     0 | D:1      | Jenx, the Gargoyle Fighter, began the quest for the Orb.
     0 | D:1      | Reached XP level 1. HP: 14/14 MP: 1/1
   120 | D:1      | Reached XP level 2. HP: 17/19 MP: 2/2
   575 | D:1      | Reached XP level 3. HP: 23/23 MP: 3/3
  1001 | D:1      | Reached skill level 4 in Maces & Flails
  1420 | D:2      | Reached XP level 4. HP: 28/28 MP: 4/4
  1617 | D:2      | Reached skill level 5 in Maces & Flails
  2242 | D:3      | Noticed Sigmund
  2266 | D:3      | HP: 1/28 [something (3)]
  2274 | D:3      | Killed Sigmund
  2274 | D:3      | Reached skill level 6 in Maces & Flails
  2274 | D:3      | Reached XP level 5. HP: 8/32 MP: 5/5
  2513 | D:3      | Noticed Grinder
  2533 | D:3      | Paralysed by Grinder for 5 turns
  2543 | D:3      | Killed Grinder
  2543 | D:3      | Reached skill level 7 in Maces & Flails
  2543 | D:3      | Reached XP level 6. HP: 37/37 MP: 6/6
  2784 | D:3      | Reached skill level 8 in Maces & Flails
  2784 | D:3      | Reached XP level 7. HP: 41/41 MP: 7/7
  3406 | D:4      | Found a deep blue altar of Sif Muna.
  4080 | D:5      | Entered Level 5 of the Dungeon
  4096 | D:5      | Reached skill level 9 in Maces & Flails
  4117 | D:5      | Found a sand-covered staircase.
  4138 | Ossuary  | Entered an ossuary
  4260 | Ossuary  | Upgraded the game from 0.14-a0-2443-g5aee772 to 0.14-a0-2474-g7d54a28
  4989 | D:5      | Noticed Ijyb
  5017 | D:5      | Killed Ijyb
  5017 | D:5      | Reached XP level 8. HP: 41/46 MP: 8/8
  5028 | D:5      | Reached skill level 10 in Maces & Flails
  5287 | D:5      | Found a staircase to the Ecumenical Temple.
  5294 | Temple   | Entered the Ecumenical Temple
  5336 | Temple   | Became a worshipper of Warmaster Okawaru
  5603 | D:5      | Noticed Herrn's ghost (experienced DjFi)
  5665 | D:5      | Killed Herrn's ghost
  5665 | D:5      | Reached skill level 11 in Maces & Flails
  6041 | D:5      | Noticed Pikel
  6129 | D:5      | Killed Pikel
  6129 | D:5      | Acquired Okawaru's first power
  6129 | D:5      | Reached skill level 12 in Maces & Flails
  6129 | D:5      | Reached XP level 9. HP: 36/53 MP: 9/9
  6391 | D:6      | Reached skill level 5 in Fighting
  6870 | D:6      | Reached skill level 13 in Maces & Flails
  7385 | D:7      | Reached skill level 1 in Throwing
  8233 | D:7      | Noticed Blork the orc
  8237 | D:7      | Killed Blork the orc
  8589 | D:8      | Reached XP level 10. HP: 54/60 MP: 10/10
  9421 | D:9      | Reached skill level 14 in Maces & Flails
  9471 | D:9      | Found a staircase to the Lair.
 10554 | Lair:1   | Entered Level 1 of the Lair of Beasts
 10760 | Lair:1   | Reached skill level 15 in Maces & Flails
 10785 | Lair:1   | Reached XP level 11. HP: 53/69 MP: 9/11
 10923 | Lair:1   | Acquired Okawaru's second power
 11675 | Lair:1   | Upgraded the game from 0.14-a0-2474-g7d54a28 to 0.14-a0-2506-gc7bb754
 11726 | D:10     | Entered Level 10 of the Dungeon
 11795 | D:10     | Noticed a hill giant
 11806 | D:10     | Killed a hill giant
 11840 | D:10     | Reached skill level 16 in Maces & Flails
 13607 | Lair:3   | Reached skill level 10 in Fighting
 13735 | Lair:3   | Received a gift from Okawaru
 14240 | Lair:3   | Reached XP level 12. HP: 72/78 MP: 12/12
 14255 | Lair:3   | Reached skill level 17 in Maces & Flails
 14858 | Lair:4   | Reached skill level 1 in Invocations
 14865 | Lair:4   | Noticed Harold
 14886 | Lair:4   | Killed Harold
 14886 | Lair:4   | Received a gift from Okawaru
 14941 | Lair:4   | Found a staircase to the Swamp.
 14997 | Lair:4   | Noticed a death yak
 15000 | Lair:4   | Noticed a death yak
 15005 | Lair:4   | Noticed a death yak
 15011 | Lair:4   | Noticed a death yak
 15016 | Lair:4   | Killed a death yak
 15026 | Lair:4   | Killed a death yak
 15032 | Lair:4   | Killed a death yak
 15043 | Lair:4   | Killed a death yak
 15068 | Lair:4   | Noticed a death yak
 15075 | Lair:4   | Killed a death yak
 15075 | Lair:4   | Reached skill level 18 in Maces & Flails
 15155 | Lair:4   | Noticed Rupert
 15188 | Lair:4   | Killed Rupert
 15188 | Lair:4   | Received a gift from Okawaru
 15188 | Lair:4   | Reached skill level 5 in Invocations
 15949 | Lair:5   | Reached XP level 13. HP: 76/83 MP: 22/22
 16005 | Lair:5   | Got a pitted leather armour
 16226 | Lair:5   | Reached skill level 5 in Armour
 16605 | Lair:6   | Found a staircase to the Slime Pits.
 16609 | Lair:6   | the staircase to the Slime Pits was a mimic.
 16985 | Lair:6   | Received a gift from Okawaru
 17453 | Lair:6   | Found a hole to the Spider Nest.
 18251 | Lair:7   | Noticed Erica
 18258 | Lair:7   | Killed Erica
 18276 | Lair:7   | Found a staircase to the Slime Pits.
 19547 | Lair:7   | Identified the +2 leather armour "Meutag" {+Inv Int+1 SInv} (You found it on level 5 of the Lair of Beasts)
 19601 | Lair:7   | Received a gift from Okawaru
 19602 | Lair:7   | Got a twisted buckler {god gift}
 19612 | Lair:7   | Identified the -4 buckler of Fun {rElec} (Okawaru gifted it to you on level 7 of the Lair of Beasts)
 19845 | Lair:8   | Entered Level 8 of the Lair of Beasts
 20207 | Lair:8   | Reached skill level 10 in Armour
 20484 | Lair:8   | Gained mutation: Your wings are large and strong. [gargoyle growth]
 20484 | Lair:8   | Reached XP level 14. HP: 82/91 MP: 25/25
 20521 | Lair:8   | Noticed Econoterrorist's ghost (powerful SpEn)
 21401 | Lair:8   | Killed Econoterrorist's ghost
 21469 | Lair:8   | Received a gift from Okawaru
 22635 | Lair:8   | Received a gift from Okawaru
 23088 | Lair:8   | Received a gift from Okawaru
 23102 | Lair:8   | Got a smoking chain mail {god gift}
 23123 | Lair:8   | Identified the +6 chain mail "Psunkoyr" {Str+3 Dex+1 Int+2} (Okawaru gifted it to you on level 8 of the Lair of Beasts)
 23478 | D:10     | Got a twisted helmet
 23482 | D:10     | Identified the cursed -3 helmet of the Nine Tales {rF+ Acc+4 Dam-3} (You found it on level 10 of the Dungeon)
 23607 | D:10     | Paralysed by a giant eyeball for 2 turns
 23653 | D:10     | Got a transparent glass ring
 23738 | D:10     | Noticed a necromancer
 23745 | D:10     | Killed a necromancer
 24187 | D:10     | Identified the ring of Oxozil {+Blink Dex+2} (You took it off a wight on level 10 of the Dungeon)
 24476 | D:11     | Paralysed by a giant eyeball for 4 turns
 24535 | D:11     | Reached skill level 1 in Evocations
 24808 | D:11     | Reached XP level 15. HP: 62/99 MP: 25/25
 25125 | D:11     | Found Uwaawkot's Book Shop.
 25288 | D:11     | Identified a scroll of acquirement
 26025 | D:12     | Paralysed by a giant eyeball for 4 turns
 26036 | D:12     | Paralysed by a giant eyeball for 4 turns
 26054 | D:12     | Found a white marble altar of Elyvilon.
 26066 | D:12     | Noticed Psyche
 26077 | D:12     | Killed Psyche
 26135 | D:12     | Noticed Erolcha
 26138 | D:12     | Noticed Josephine
 26162 | D:11     | Got an encrusted helmet
 26166 | D:11     | Identified the +2 helmet of Geoteosi {Dex+5 Acc+3} (You acquired it on level 11 of the Dungeon)
 26239 | D:12     | Found Cumil's Magic Scroll Shop.
 26362 | D:12     | Bought a scroll of blinking for 88 gold pieces
 26362 | D:12     | Bought a scroll of blinking for 88 gold pieces
 26363 | D:12     | Bought a scroll of identify for 32 gold pieces
 26363 | D:12     | Bought a scroll of identify for 32 gold pieces
 26363 | D:12     | Bought a scroll of identify for 32 gold pieces
 26481 | D:12     | Found a staircase to the Orcish Mines.
 26570 | D:12     | Killed Josephine
 26642 | D:12     | Killed Erolcha
 26901 | Orc:1    | Entered Level 1 of the Orcish Mines
 27377 | Orc:3    | Noticed Joseph
 27383 | Orc:3    | Killed Joseph
 27646 | Orc:4    | Entered Level 4 of the Orcish Mines
 27677 | Orc:4    | Found Namec's Distillery.
 27678 | Orc:4    | Found Bloxuoc's Antique Armour Shoppe.
 27731 | Orc:4    | Found Lyiwy's Jewellery Shoppe.
 27874 | Orc:4    | Found Wirie's General Store.
 28189 | Orc:4    | Found Wotat's Antique Armour Shoppe.
 28225 | Orc:4    | Paralysed by an orc sorcerer for 4 turns
 28261 | Orc:4    | Received a gift from Okawaru
 28289 | Orc:4    | Identified a +0 cloak of preservation (Okawaru gifted it to you on level 4 of the Orcish Mines)
 28343 | Orc:4    | Found a flickering gateway to a bazaar.
 28347 | Bazaar   | Entered a bazaar
 28692 | Bazaar   | Found Chuxas' Weapon Emporium.
 28713 | Bazaar   | Found Akucs' Armour Boutique.
 28724 | Bazaar   | Found Tysuhy's Antique Armour Shop.
 28739 | Bazaar   | Found Hetoem's Gadget Boutique.
 28754 | Bazaar   | Found Fiwniojie's Armour Shoppe.
 28837 | Bazaar   | Bought a fine plate armour for 924 gold pieces
 28869 | Bazaar   | Identified the -6 plate armour of Kahaomp {Int+1} (You bought it in a shop in a bazaar)
 29046 | Orc:4    | Reached skill level 15 in Armour
 29062 | Orc:4    | Found Stroum Qiam's Antique Weapon Shop.
 29098 | Orc:4    | Noticed Sonja
 29103 | Orc:4    | Killed Sonja
 29383 | Orc:4    | Bought a potion of beneficial mutation for 420 gold pieces
 29383 | Orc:4    | Bought a potion of cure mutation for 420 gold pieces
 29385 | Orc:4    | Gained mutation: Your mind is acute. (Int +2) [potion of beneficial mutation]
 29472 | Orc:4    | Noticed Gastronok
 29492 | Orc:4    | Killed Gastronok
 29952 | Orc:3    | Noticed Grum
 29964 | Orc:3    | Killed Grum
 30152 | Orc:3    | Found a staircase to the Elven Halls.
 31757 | D:13     | Paralysed by a giant eyeball for 3 turns
 32285 | D:13     | Reached skill level 5 in Evocations
 32410 | D:14     | Noticed Nessos
 32664 | D:14     | Killed Nessos
 33235 | D:14     | Noticed Nergalle
 33254 | D:14     | Killed Nergalle
 34354 | D:15     | Entered Level 15 of the Dungeon
 34354 | D:15     | Found a burning altar of Makhleb.
 34354 | D:15     | Noticed Asterion
 34357 | D:15     | Noticed Maud
 34375 | D:15     | Killed Asterion
 34375 | D:15     | Reached XP level 16. HP: 94/107 MP: 18/26
 34380 | D:15     | Killed Maud
 34448 | D:15     | Received a gift from Okawaru
 34456 | D:15     | Got a transparent cloak {god gift}
 34460 | D:15     | Identified the +2 cloak of Cunti {Str-3 Int+3 Curse} (Okawaru gifted it to you on level 15 of the Dungeon)
 35010 | D:16     | Entered Level 16 of the Dungeon
 35015 | D:16     | Reached skill level 15 in Fighting
 35428 | D:16     | Cast into the Abyss (wizard)
 35446 | Abyss:1  | Found a corrupted altar of Lugonu.
 35661 | Abyss:1  | HP: 2/108 [balrug/glowing demon whip (23)]
 35893 | Abyss:1  | Noticed a quicksilver dragon
 35917 | Abyss:1  | Killed a quicksilver dragon
 36087 | Abyss:1  | HP: 5/110 [starcursed mass/accursed screaming (6)]
 36089 | Abyss:1  | Killed from afar by a starcursed mass

Action                   |  1- 3 |  4- 6 |  7- 9 | 10-12 | 13-15 | 16-18 || total
-------------------------+-------+-------+-------+-------+-------+-------++-------
Melee: Mace              |   156 |   185 |   279 |       |       |       ||   620
       Flail             |       |       |   291 |     3 |       |       ||   294
       Whip              |       |       |   214 |   820 |       |       ||  1034
       Great mace        |       |       |       |   231 |  1647 |   213 ||  2091
       Great sword       |       |       |       |       |    37 |       ||    37
       Demon whip        |       |       |       |       |       |   178 ||   178
 Fire: Blowgun           |       |       |       |     6 |       |       ||     6
Throw: Tomahawk          |       |       |    13 |       |       |       ||    13
       Javelin           |       |       |     3 |    52 |    40 |       ||    95
Invok: Heroism           |       |       |       |     7 |     9 |     2 ||    18
       Finesse           |       |       |       |     1 |     9 |     2 ||    12
 Abil: Fly               |       |       |       |       |     1 |       ||     1
       Evoke Invisibilit |       |       |       |       |     2 |       ||     2
Evoke: Wand              |       |       |     2 |     3 |     4 |     4 ||    13
       Staff of Olgreb   |       |       |     2 |       |       |       ||     2
       Disc of storms    |       |       |       |       |     3 |       ||     3
       Box of beasts     |       |       |       |       |     1 |       ||     1
  Use: Potion            |       |     2 |     7 |     3 |    14 |     3 ||    29
       Scroll            |       |     1 |     8 |    15 |    24 |     2 ||    50
 Stab: Invisible         |       |       |       |       |     1 |     2 ||     3
       Distracted        |       |       |       |       |     1 |       ||     1
